Flyers vs Flames

Created - 7 décembre 2020 at 09:26

Goals
1 2 3 T
Flyers 3 0 1 4
Flames 0 0 2 2
Shots
1 2 3 T
Flyers 14 8 7 29
Flames 9 10 16 35

1st period

1. Flyers , Leon Draisaitl 5 (Patrick Kane 4, John Marino 1) at 3:22
2. Flyers , J.T. Miller 3 (Kevin Fiala 2, Filip Forsberg 2) at 12:10
3. Flyers , Jakub Vrana 2 (Aaron Ekblad 2, Calle Jarnkrok 2) at 14:55

Penalties :
Deryk Engelland (CAL) for Roughing (Minor) at 15:10

2nd period

No Goal

Penalties :
Nate Thompson (CAL) for Hooking (Minor) at 4:36

3rd period

4. Flyers , Patrick Kane 5 (Leon Draisaitl 3, Rasmus Ristolainen 5) at 4:08
5. Flames , Sam Reinhart 5 (Drew Doughty 6, David Krejci 8) at 12:25 (PP)
6. Flames , Sam Reinhart 6 (David Krejci 9) at 17:28 (PP)

Penalties :
Noah Hanifin (PHI) for Slashing (Minor) at 12:20, Nikita Zadorov (PHI) for Hooking (Minor) at 17:18

Goalie Stats

Tristan Jarry (PHI), 33 saves from 35 shots - (0,943), W, 4-3-1, 60:00 minutes
Carey Price (CAL), 25 saves from 29 shots - (0,862), L, 5-4-0, 60:00 minutes

Players Stats for Flyers

Player Name              G  A  P  +/- PIM S  H  SB GA TA FO     MP     PP MP  PK MP  
------------------------------------------------------------------------------------
Aaron Ekblad             0  1  1   2  0   0  2  1  1  0  0/0    21:46   2:39   0:10 
Calle Jarnkrok           0  1  1   1  0   4  1  0  1  0  1/1    13:24   0:00   0:00 
Filip Forsberg           0  1  1   1  0   0  1  0  0  1  0/1    18:08   1:35   0:00 
Gabriel Vilardi          0  0  0   0  0   2  0  0  2  1  2/2     8:06   0:00   0:00 
J.T. Miller              1  0  1   1  0   5  3  5  0  0  7/13   18:08   1:35   0:00 
Jakub Vrana              1  0  1   1  0   3  2  0  2  0  0/0    13:28   0:03   0:00 
Joey Anderson            0  0  0   0  0   1  0  0  0  0  1/1     8:09   0:00   0:00 
John Marino              0  1  1   2  0   0  0  0  0  0  0/0    20:33   1:19   0:15 
Kevin Fiala              0  1  1   1  0   3  1  2  2  0  0/0    18:08   1:35   0:00 
Leo Komarov              0  0  0   0  0   0  0  0  0  0  0/1     8:21   0:00   0:15 
Leon Draisaitl           1  1  2   2  0   4  1  0  2  1  16/23  20:07   2:23   0:00 
Mike Matheson            0  0  0   1  0   0  0  0  0  0  0/0    17:21   1:19   0:00 
Nikita Zadorov           0  0  0   1  2   0  3  2  0  1  0/0    16:29   0:00   0:00 
Noah Hanifin             0  0  0   1  2   2  3  2  0  4  0/0    20:47   0:00   0:00 
Patrick Kane             1  1  2   2  0   2  1  1  2  0  0/0    20:07   2:23   0:00 
Rasmus Ristolainen       0  1  1   1  0   2  2  0  0  0  0/0    23:02   2:39   0:05 
Scott Laughton           0  0  0   1  0   0  3  0  0  1  3/10   13:36   0:00   0:15 
Travis Konecny           0  0  0   2  0   1  3  0  1  0  0/0    20:03   2:20   0:00 

Players Stats for Flames

Player Name              G  A  P  +/- PIM S  H  SB GA TA FO     MP     PP MP  PK MP  
------------------------------------------------------------------------------------
Alex Chiasson            0  0  0  -3  0   2  3  0  1  2  0/1    15:54   0:00   0:00 
Anders Lee               0  0  0   0  0   3  3  0  1  0  0/0    19:08   0:15   1:18 
Danton Heinen            0  0  0   0  0   1  1  1  1  1  0/0    14:06   0:00   0:00 
David Kampf              0  0  0   0  0   2  0  0  0  1  2/4    14:47   0:00   0:00 
David Krejci             0  2  2   0  0   4  1  0  1  1  9/18   19:26   0:15   0:07 
Deryk Engelland          0  0  0  -3  2   2  1  0  0  2  0/0    17:57   0:00   0:58 
Drew Doughty             0  1  1   0  0   3  6  2  0  1  0/0    22:50   0:15   0:11 
Kevan Miller             0  0  0  -1  0   0  0  1  0  0  0/0    19:11   0:00   2:37 
Marcus Sorensen          0  0  0  -1  0   0  0  2  1  0  0/0     2:38   0:00   0:13 
Nate Thompson            0  0  0  -1  2   1  0  0  0  1  3/8    11:07   0:00   1:02 
Nick Bjugstad            0  0  0   0  0   2  0  0  0  1  1/1    14:06   0:00   0:00 
Nick Jensen              0  0  0   0  0   1  0  1  0  0  0/0    21:15   0:00   2:04 
Pavel Zacha              0  0  0  -3  0   1  1  1  0  0  6/16   16:41   0:00   1:57 
Radim Simek              0  0  0  -1  0   0  1  0  1  2  0/0    18:05   0:00   2:06 
Ryan Donato              0  0  0  -3  0   1  0  0  1  0  0/1    16:39   0:00   1:52 
Sam Reinhart             2  0  2   0  0   8  0  0  1  0  0/2    20:12   0:15   0:00 
Tyson Jost               0  0  0  -1  0   2  1  0  0  0  1/1    11:10   0:00   1:27 
Victor Hedman            0  0  0  -3  0   2  1  1  1  1  0/0    20:48   0:15   0:00 

3 Stars

1 - Patrick Kane (PHI)
2 - Leon Draisaitl (PHI)
3 - J.T. Miller (PHI)

Power Play

Flyers - 0 on 2 Attempt(s) - 0,00%
Flames - 2 on 2 Attempt(s) - 100,00%

Penalty Kill

Flyers - 0 on 2 Attempt(s) - 0,00% - Score 0 goal in Penalty Kill
Flames - 2 on 2 Attempt(s) - 100,00% - Score 0 goal in Penalty Kill

Team Stat

Flyers - Hits : 26 - Faceoff Wins : 30 - Blocked Shots : 13 - Penalty Minutes : 4
Flames - Hits : 19 - Faceoff Wins : 22 - Blocked Shots : 9 - Penalty Minutes : 4

Official

Referees : Brett Roeland and Graham Skilliter
Linesman : Jesse Marquis and Luke Galvin

Game Notes

Marcus Sorensen is injured at 15:23 of 1st period (Sprained Left Finger)

Finance

Level 1 -- Attendance: 5008 (83,47%) -- Ticket Income 500 800 $
Level 2 -- Attendance: 4335 (86,70%) -- Ticket Income 260 100 $
Level 3 -- Attendance: 1790 (89,50%) -- Ticket Income 62 650 $
Level 4 -- Attendance: 3992 (99,80%) -- Ticket Income 79 840 $
Luxury Box -- Attendance: 813 (81,30%) -- Ticket Income 162 600 $
Game was played at the Ghost Rider Center.
Total Attendance: 15938 (88,54%)
Total Ticket Income: 1 065 990 $
Other Income: 522 335 $
Total Income: 1 588 325 $

Flyers

5 vs 5 Forward 
   Center                   Left Wing                Right Wing               Time % Phy DF OF 
 1 Leon Draisaitl           Patrick Kane             Travis Konecny           34     0   2  3  
 2 J.T. Miller              Kevin Fiala              Filip Forsberg           31     0   2  3  
 3 Scott Laughton           Jakub Vrana              Calle Jarnkrok           25     0   3  2  
 4 Gabriel Vilardi          Leo Komarov              Joey Anderson            10     0   4  1  

5 vs 5 Defense 
   Defense                  Defense                                           Time % Phy DF OF 
 1 Rasmus Ristolainen       Noah Hanifin                                      37     0   5  0  
 2 Aaron Ekblad             John Marino                                       34     0   4  1  
 3 Mike Matheson            Nikita Zadorov                                    29     1   3  1  
 4 Rasmus Ristolainen       Aaron Ekblad                                      0      1   2  2  

PowerPlay Forward 
   Center                   Left Wing                Right Wing               Time % Phy DF OF 
 1 Leon Draisaitl           Patrick Kane             Travis Konecny           60     0   0  5  
 2 J.T. Miller              Kevin Fiala              Filip Forsberg           40     0   0  5  

PowerPlay Defense
   Defense                  Defense                                           Time % Phy DF OF 
 1 Rasmus Ristolainen       Aaron Ekblad                                      60     0   1  4  
 2 Mike Matheson            John Marino                                       40     0   1  4  

Penalty Kill 4 Players Forward 
   Center                   Wing                     Time % Phy DF OF 
 1 Scott Laughton           Leo Komarov              60     0   5  0  
 2 Calle Jarnkrok           Joey Anderson            40     0   5  0  

Penalty Kill 4 Players Defense
   Defense                  Defense                  Time % Phy DF OF 
 1 Rasmus Ristolainen       Noah Hanifin             60     0   5  0  
 2 Aaron Ekblad             Nikita Zadorov           40     0   5  0  

Penalty Kill - 3 Players Forward 
   Forward                                           Time % Phy DF OF 
 1 Scott Laughton                                    60     0   5  0  
 2 Leo Komarov                                       40     0   5  0  

Penalty Kill - 3 Players Defense
   Defense                  Defense                  Time % Phy DF OF 
 1 Rasmus Ristolainen       Noah Hanifin             60     0   5  0  
 2 Aaron Ekblad             Nikita Zadorov           40     0   5  0  

4 vs 4 Forward 
   Center                   Wing                     Time % Phy DF OF 
 1 Leon Draisaitl           Patrick Kane             60     0   2  3  
 2 J.T. Miller              Kevin Fiala              40     0   2  3  

4 vs 4 Defense
   Defense                  Defense                  Time % Phy DF OF 
 1 Rasmus Ristolainen       Noah Hanifin             60     1   3  1  
 2 Aaron Ekblad             John Marino              40     1   3  1  

Last Minutes Offensive
   Center                   Left Wing                Right Wing               Defense                  Defense                  
   Leon Draisaitl           Patrick Kane             J.T. Miller              Rasmus Ristolainen       Aaron Ekblad             

Last Minutes Defensive
   Center                   Left Wing                Right Wing               Defense                  Defense                  
   Leon Draisaitl           Scott Laughton           Calle Jarnkrok           Rasmus Ristolainen       Aaron Ekblad             

Goaltenders
Starting : Tristan Jarry            
Backup : Ilya Samsonov            

Extra Forwards
Normal : Calle Jarnkrok, Jakub Vrana, Joey Anderson - PP : Jakub Vrana, Scott Laughton - PK : J.T. Miller
Extra Defensemen
Normal : Nikita Zadorov, Aaron Ekblad, Mike Matheson - PP : Nikita Zadorov - PK : John Marino, Mike Matheson
Penalty Shots
Leon Draisaitl, Patrick Kane, J.T. Miller, Rasmus Ristolainen, Jakub Vrana
Custom OT Lines Forwards
Leon Draisaitl, Patrick Kane, J.T. Miller, Kevin Fiala, Travis Konecny, Calle Jarnkrok, Jakub Vrana, Leo Komarov, Scott Laughton, Joey Anderson
Custom OT Lines Defensemen
Rasmus Ristolainen, Aaron Ekblad, Nikita Zadorov, John Marino, Mike Matheson

Scratches
Kevin Labanc (Healthy), Martin Necas (Healthy), Martin Frk (Healthy)

Flames

5 vs 5 Forward 
   Center                   Left Wing                Right Wing               Time % Phy DF OF 
 1 David Krejci             Anders Lee               Sam Reinhart             38     0   1  4  
 2 Pavel Zacha              Ryan Donato              Alex Chiasson            30     0   2  3  
 3 David Kampf              Danton Heinen            Nick Bjugstad            22     1   2  2  
 4 Nate Thompson            Tyson Jost               Marcus Sorensen          10     1   3  1  

5 vs 5 Defense 
   Defense                  Defense                                           Time % Phy DF OF 
 1 Nick Jensen              Drew Doughty                                      35     0   3  2  
 2 Victor Hedman            Deryk Engelland                                   34     0   3  2  
 3 Kevan Miller             Radim Simek                                       23     1   3  1  
 4 Drew Doughty             Victor Hedman                                     8      0   2  3  

PowerPlay Forward 
   Center                   Left Wing                Right Wing               Time % Phy DF OF 
 1 David Krejci             Anders Lee               Sam Reinhart             60     0   0  5  
 2 Pavel Zacha              Ryan Donato              Alex Chiasson            40     0   1  4  

PowerPlay Defense
   Defense                  Defense                                           Time % Phy DF OF 
 1 Drew Doughty             Victor Hedman                                     60     0   1  4  
 2 Nick Jensen              Radim Simek                                       40     0   1  4  

Penalty Kill 4 Players Forward 
   Center                   Wing                     Time % Phy DF OF 
 1 Nate Thompson            Marcus Sorensen          60     1   4  0  
 2 David Kampf              Tyson Jost               40     0   4  1  

Penalty Kill 4 Players Defense
   Defense                  Defense                  Time % Phy DF OF 
 1 Kevan Miller             Deryk Engelland          60     1   4  0  
 2 Radim Simek              Nick Jensen              40     1   4  0  

Penalty Kill - 3 Players Forward 
   Forward                                           Time % Phy DF OF 
 1 Nate Thompson                                     60     0   5  0  
 2 David Kampf                                       40     0   5  0  

Penalty Kill - 3 Players Defense
   Defense                  Defense                  Time % Phy DF OF 
 1 Deryk Engelland          Kevan Miller             60     0   5  0  
 2 Radim Simek              Nick Jensen              40     0   5  0  

4 vs 4 Forward 
   Center                   Wing                     Time % Phy DF OF 
 1 David Krejci             Sam Reinhart             60     0   2  3  
 2 Nick Bjugstad            Anders Lee               40     0   2  3  

4 vs 4 Defense
   Defense                  Defense                  Time % Phy DF OF 
 1 Victor Hedman            Drew Doughty             60     0   2  3  
 2 Nick Jensen              Deryk Engelland          40     0   3  2  

Last Minutes Offensive
   Center                   Left Wing                Right Wing               Defense                  Defense                  
   David Krejci             Anders Lee               Sam Reinhart             Drew Doughty             Victor Hedman            

Last Minutes Defensive
   Center                   Left Wing                Right Wing               Defense                  Defense                  
   Nate Thompson            Pavel Zacha              David Kampf              Kevan Miller             Deryk Engelland          

Goaltenders
Starting : Carey Price              
Backup : Curtis McElhinney        

Extra Forwards
Normal : Sam Reinhart, David Krejci, Anders Lee - PP : Sam Reinhart, Nick Bjugstad - PK : Pavel Zacha
Extra Defensemen
Normal : Drew Doughty, Victor Hedman, Deryk Engelland - PP : Nick Jensen - PK : Radim Simek, Nick Jensen
Penalty Shots
Sam Reinhart, David Kampf, Ryan Donato, Nick Bjugstad, Pavel Zacha
Custom OT Lines Forwards
Sam Reinhart, Anders Lee, David Krejci, Pavel Zacha, Tyson Jost, Alex Chiasson, Nick Bjugstad, Ryan Donato, Danton Heinen, David Kampf
Custom OT Lines Defensemen
Drew Doughty, Victor Hedman, Deryk Engelland, Kevan Miller, Radim Simek

Scratches
Jason Demers (Sprained Right Ankle Injury), Alex Biega (Healthy)

% Time on Ice - Flyers

Lines # - Real PCT - Wanted PCT - Time Play
Normal Forward
1 - 32% - 34% - 17:47
2 - 30% - 31% - 16:33
3 - 24% - 25% - 13:21
4 - 15% - 10% - 8:06
Normal Defense
1 - 37% - 37% - 20:52
2 - 34% - 34% - 18:59
3 - 28% - 29% - 15:51
4 - 0% - 0% - 0:05
PP Forward
1 - 60% - 60% - 2:23
2 - 40% - 40% - 1:35
PP Defense
1 - 67% - 60% - 2:39
2 - 33% - 40% - 1:19
PK Forward
1 - 100% - 60% - 0:15
2 - 0% - 40% - 0:00
PK Defense
1 - 33% - 60% - 0:05
2 - 67% - 40% - 0:10
PK3 Forward
1 - 0% - 60%
2 - 0% - 40%
PK3 Defense
1 - 0% - 60%
2 - 0% - 40%
44 Forward
1 - 0% - 60%
2 - 0% - 40%
44 Defense
1 - 0% - 60%
2 - 0% - 40%
Last Minute Offensive  - 0:00
Last Minute Defensive  - 0:00
Total
Forward - 60:00
Defense - 60:00

% Time on Ice - Flames

Lines # - Real PCT - Wanted PCT - Time Play
Normal Forward
1 - 32% - 38% - 17:52
2 - 25% - 30% - 14:12
3 - 25% - 22% - 14:06
4 - 17% - 10% - 9:37
Normal Defense
1 - 34% - 35% - 19:03
2 - 32% - 34% - 18:03
3 - 26% - 23% - 14:26
4 - 8% - 8% - 4:15
PP Forward
1 - 100% - 60% - 0:15
2 - 0% - 40% - 0:00
PP Defense
1 - 100% - 60% - 0:15
2 - 0% - 40% - 0:00
PK Forward
1 - 100% - 60% - 3:58
2 - 0% - 40% - 0:00
PK Defense
1 - 66% - 60% - 2:37
2 - 34% - 40% - 1:21
PK3 Forward
1 - 0% - 60%
2 - 0% - 40%
PK3 Defense
1 - 0% - 60%
2 - 0% - 40%
44 Forward
1 - 0% - 60%
2 - 0% - 40%
44 Defense
1 - 0% - 60%
2 - 0% - 40%
Last Minute Offensive  - 0:00
Last Minute Defensive  - 0:00
Total
Forward - 60:00
Defense - 60:00

Play-by-Play

1st period


0:01 of 1st period - Leon Draisaitl wins face-off versus Sam Reinhart in neutral zone.
0:06 of 1st period - Wrist shot by Leon Draisaitl.
0:06 of 1st period - Shot Blocked by Drew Doughty.
0:26 of 1st period - Noah Hanifin is hit by Drew Doughty and loses puck.
1:31 of 1st period - Slapshot by Danton Heinen.
1:31 of 1st period - Deflect By David Kampf.
1:31 of 1st period - Stopped by Tristan Jarry with a rebound.
1:33 of 1st period - Slapshot by Nick Jensen.
1:33 of 1st period - Deflect By Patrick Kane.
1:33 of 1st period - Stopped by Tristan Jarry without a rebound.
1:34 of 1st period - J.T. Miller wins face-off versus David Krejci in Flyers zone.
1:39 of 1st period - Anders Lee is hit by Rasmus Ristolainen and loses puck.
2:23 of 1st period - Snap shot by J.T. Miller.
2:23 of 1st period - Deflect By Kevin Fiala.
2:23 of 1st period - Shot Misses the Net.
2:23 of 1st period - Puck is out of play.
2:24 of 1st period - Gabriel Vilardi wins face-off versus Nate Thompson in Flames zone.
2:37 of 1st period - Snap shot by Marcus Sorensen.
2:37 of 1st period - Shot Blocked by Nikita Zadorov.
2:39 of 1st period - Snap shot by Deryk Engelland.
2:39 of 1st period - Deflect By Leo Komarov.
2:39 of 1st period - Stopped by Tristan Jarry with a rebound.
2:49 of 1st period - Sam Reinhart is hit by Nikita Zadorov and loses puck.
2:58 of 1st period - Mike Matheson is hit by Radim Simek.
3:22 of 1st period - Wrist shot by Leon Draisaitl.
3:22 of 1st period - Goal by Leon Draisaitl - Flyers : 1 - Flames : 0.
3:23 of 1st period - Leon Draisaitl wins face-off versus David Krejci in neutral zone.
3:50 of 1st period - Pavel Zacha is hit by Jakub Vrana and loses puck.
5:14 of 1st period - Wrist shot by J.T. Miller.
5:14 of 1st period - Stopped by Carey Price with a rebound.
5:20 of 1st period - Mike Matheson is hit by David Krejci and loses puck.
5:29 of 1st period - Backhand shot by Sam Reinhart.
5:29 of 1st period - Shot Blocked by Kevin Fiala.
5:31 of 1st period - Slapshot by Drew Doughty.
5:31 of 1st period - Shot Misses the Net.
5:55 of 1st period - Sam Reinhart is hit by J.T. Miller and loses puck.
6:06 of 1st period - Icing by Anders Lee.
6:07 of 1st period - David Krejci wins face-off versus Scott Laughton in Flames zone.
6:54 of 1st period - Kevan Miller is hit by Patrick Kane and loses puck.
7:39 of 1st period - Wrist shot by Ryan Donato.
7:39 of 1st period - Stopped by Tristan Jarry without a rebound.
7:40 of 1st period - Gabriel Vilardi wins face-off versus Alex Chiasson in Flyers zone.
7:40 of 1st period - Gabriel Vilardi is hit by Pavel Zacha.
7:46 of 1st period - Snap shot by Joey Anderson.
7:46 of 1st period - Stopped by Carey Price without a rebound.
7:47 of 1st period - Leon Draisaitl wins face-off versus Pavel Zacha in Flames zone.
8:00 of 1st period - Wrist shot by Travis Konecny.
8:00 of 1st period - Shot Misses the Net.
8:02 of 1st period - Wrist shot by Patrick Kane.
8:02 of 1st period - Shot Misses the Net.
8:04 of 1st period - Snap shot by Leon Draisaitl.
8:04 of 1st period - Deflect By Travis Konecny.
8:04 of 1st period - Stopped by Carey Price without a rebound.
8:05 of 1st period - Nate Thompson wins face-off versus Scott Laughton in Flames zone.
8:18 of 1st period - Snap shot by Tyson Jost.
8:18 of 1st period - Deflect By Nate Thompson.
8:18 of 1st period - Shot Misses the Net.
8:18 of 1st period - Puck is out of play.
8:19 of 1st period - Leon Draisaitl wins face-off versus David Kampf in Flyers zone.
9:26 of 1st period - Slapshot by Nick Bjugstad.
9:26 of 1st period - Stopped by Tristan Jarry with a rebound.
9:28 of 1st period - Wrist shot by Nick Bjugstad.
9:28 of 1st period - Shot Misses the Net.
9:30 of 1st period - Backhand shot by Nick Jensen.
9:30 of 1st period - Shot Misses the Net.
10:15 of 1st period - Snap shot by Leo Komarov.
10:15 of 1st period - Shot Misses the Net.
10:17 of 1st period - Wrist shot by John Marino.
10:17 of 1st period - Shot Misses the Net.
10:52 of 1st period - Wrist shot by Nate Thompson.
10:52 of 1st period - Stopped by Tristan Jarry with a rebound.
10:54 of 1st period - Slapshot by Radim Simek.
10:54 of 1st period - Deflect By Tyson Jost.
10:54 of 1st period - Stopped by Tristan Jarry without a rebound.
10:55 of 1st period - J.T. Miller wins face-off versus Nate Thompson in Flyers zone.
11:08 of 1st period - Slapshot by J.T. Miller.
11:08 of 1st period - Deflect By Kevin Fiala.
11:08 of 1st period - Stopped by Carey Price with a rebound.
11:10 of 1st period - Slapshot by Noah Hanifin.
11:10 of 1st period - Shot Blocked by Nick Jensen.
11:39 of 1st period - Patrick Kane is hit by Anders Lee and loses puck.
11:48 of 1st period - Wrist shot by Leon Draisaitl.
11:48 of 1st period - Deflect By Patrick Kane.
11:48 of 1st period - Shot Blocked by Drew Doughty.
11:48 of 1st period - Puck is out of play.
11:49 of 1st period - J.T. Miller wins face-off versus Pavel Zacha in Flames zone.
11:56 of 1st period - Snap shot by Kevin Fiala.
11:56 of 1st period - Deflect By J.T. Miller.
11:56 of 1st period - Shot Misses the Net.
11:56 of 1st period - Puck is out of play.
11:57 of 1st period - J.T. Miller wins face-off versus Pavel Zacha in Flames zone.
12:10 of 1st period - Snap shot by J.T. Miller.
12:10 of 1st period - Goal by J.T. Miller - Flyers : 2 - Flames : 0.
12:11 of 1st period - Pavel Zacha wins face-off versus Scott Laughton in neutral zone.
14:12 of 1st period - Snap shot by Travis Konecny.
14:12 of 1st period - Shot Blocked by Danton Heinen.
14:46 of 1st period - Nate Thompson is hit by Scott Laughton and loses puck.
14:53 of 1st period - Slapshot by Calle Jarnkrok.
14:53 of 1st period - Stopped by Carey Price with a rebound.
14:55 of 1st period - Slapshot by Aaron Ekblad.
14:55 of 1st period - Deflect By Jakub Vrana.
14:55 of 1st period - Goal by Jakub Vrana - Flyers : 3 - Flames : 0.
14:56 of 1st period - Pavel Zacha wins face-off versus Leon Draisaitl in neutral zone.
15:10 of 1st period - Minor Penalty to Deryk Engelland for Roughing.
15:11 of 1st period - Leon Draisaitl wins face-off versus Nate Thompson in Flames zone.
15:13 of 1st period - Wrist shot by Leon Draisaitl.
15:13 of 1st period - Shot Misses the Net.
15:15 of 1st period - Slapshot by Rasmus Ristolainen.
15:15 of 1st period - Stopped by Carey Price with a rebound.
15:17 of 1st period - Slapshot by Aaron Ekblad.
15:17 of 1st period - Deflect By Patrick Kane.
15:17 of 1st period - Shot Blocked by Marcus Sorensen.
15:17 of 1st period - Puck is out of play.
15:18 of 1st period - Leon Draisaitl wins face-off versus Nate Thompson in Flames zone.
15:23 of 1st period - Wrist shot by Leon Draisaitl.
15:23 of 1st period - Shot Blocked by Marcus Sorensen.
15:23 of 1st period - Marcus Sorensen from Flames is injured at 15:23 of 1st period (Sprained Left Finger).
15:24 of 1st period - Nate Thompson wins face-off versus Leon Draisaitl in Flames zone.
16:38 of 1st period - Kevan Miller is hit by Travis Konecny and loses puck.
17:00 of 1st period - Icing by Rasmus Ristolainen.
17:01 of 1st period - Tyson Jost wins face-off versus Leon Draisaitl in Flyers zone.
17:10 of 1st period - Penalty to Deryk Engelland is over, Deryk Engelland is back on ice.
17:20 of 1st period - Wrist shot by Anders Lee.
17:20 of 1st period - Stopped by Tristan Jarry with a rebound.
18:04 of 1st period - Noah Hanifin is hit by Alex Chiasson and loses puck.
18:32 of 1st period - Kevan Miller is hit by Aaron Ekblad.
18:38 of 1st period - Scott Laughton is hit by Drew Doughty.
18:39 of 1st period - Icing by Scott Laughton.
18:40 of 1st period - Scott Laughton wins face-off versus David Krejci in Flyers zone.
18:40 of 1st period - Scott Laughton is hit by Anders Lee.
18:52 of 1st period - Off-side.
18:53 of 1st period - Leon Draisaitl wins face-off versus David Krejci in neutral zone.
19:06 of 1st period - Wrist shot by Leon Draisaitl.
19:06 of 1st period - Stopped by Carey Price without a rebound.
19:07 of 1st period - J.T. Miller wins face-off versus Pavel Zacha in Flames zone.
19:10 of 1st period - Slapshot by J.T. Miller.
19:10 of 1st period - Stopped by Carey Price with a rebound.
19:12 of 1st period - Slapshot by Noah Hanifin.
19:12 of 1st period - Stopped by Carey Price with a rebound.
19:14 of 1st period - Slapshot by Rasmus Ristolainen.
19:14 of 1st period - Shot Misses the Net.
19:18 of 1st period - Snap shot by J.T. Miller.
19:18 of 1st period - Deflect By Kevin Fiala.
19:18 of 1st period - Stopped by Carey Price with a rebound.
19:20 of 1st period - Snap shot by Rasmus Ristolainen.
19:20 of 1st period - Deflect By Pavel Zacha.
19:20 of 1st period - Stopped by Carey Price without a rebound.
19:21 of 1st period - David Krejci wins face-off versus Leon Draisaitl in Flames zone.
19:26 of 1st period - Wrist shot by David Krejci.
19:26 of 1st period - Stopped by Tristan Jarry with a rebound.
19:48 of 1st period - Drew Doughty is hit by Scott Laughton and loses puck.
Goals for this period are 3 for Flyers vs 0 for Flames.
Shots for this period are 14 for Flyers vs 9 for Flames.

2nd period


0:01 of 2nd period - Pavel Zacha wins face-off versus J.T. Miller in neutral zone.
0:10 of 2nd period - Snap shot by Pavel Zacha.
0:10 of 2nd period - Stopped by Tristan Jarry with a rebound.
0:12 of 2nd period - Slapshot by Alex Chiasson.
0:12 of 2nd period - Shot Blocked by J.T. Miller.
0:14 of 2nd period - Wrist shot by Alex Chiasson.
0:14 of 2nd period - Shot Misses the Net.
0:16 of 2nd period - Slapshot by Victor Hedman.
0:16 of 2nd period - Stopped by Tristan Jarry with a rebound.
0:26 of 2nd period - Patrick Kane is hit by Deryk Engelland.
0:30 of 2nd period - Wrist shot by Leon Draisaitl.
0:30 of 2nd period - Shot Misses the Net.
0:46 of 2nd period - Slapshot by Sam Reinhart.
0:46 of 2nd period - Shot Blocked by Aaron Ekblad.
0:56 of 2nd period - Slapshot by Tyson Jost.
0:56 of 2nd period - Stopped by Tristan Jarry with a rebound.
0:58 of 2nd period - Slapshot by Drew Doughty.
0:58 of 2nd period - Stopped by Tristan Jarry with a rebound.
1:10 of 2nd period - Slapshot by Aaron Ekblad.
1:10 of 2nd period - Shot Misses the Net.
1:22 of 2nd period - Snap shot by Sam Reinhart.
1:22 of 2nd period - Stopped by Tristan Jarry with a rebound.
1:36 of 2nd period - Backhand shot by J.T. Miller.
1:36 of 2nd period - Stopped by Carey Price without a rebound.
1:37 of 2nd period - David Kampf wins face-off versus J.T. Miller in Flames zone.
2:22 of 2nd period - Snap shot by Sam Reinhart.
2:22 of 2nd period - Deflect By Calle Jarnkrok.
2:22 of 2nd period - Stopped by Tristan Jarry with a rebound.
2:32 of 2nd period - Wrist shot by Calle Jarnkrok.
2:32 of 2nd period - Stopped by Carey Price with a rebound.
2:34 of 2nd period - Slapshot by Noah Hanifin.
2:34 of 2nd period - Shot Blocked by Kevan Miller.
2:36 of 2nd period - Slapshot by Noah Hanifin.
2:36 of 2nd period - Deflect By Tyson Jost.
2:36 of 2nd period - Stopped by Carey Price with a rebound.
3:26 of 2nd period - Snap shot by Sam Reinhart.
3:26 of 2nd period - Stopped by Tristan Jarry with a rebound.
3:28 of 2nd period - Slapshot by Deryk Engelland.
3:28 of 2nd period - Shot Misses the Net.
3:30 of 2nd period - Slapshot by Deryk Engelland.
3:30 of 2nd period - Stopped by Tristan Jarry without a rebound.
3:31 of 2nd period - Leon Draisaitl wins face-off versus David Krejci in Flyers zone.
4:36 of 2nd period - Minor Penalty to Nate Thompson for Hooking.
4:37 of 2nd period - Leon Draisaitl wins face-off versus Pavel Zacha in Flames zone.
4:41 of 2nd period - Wrist shot by Leon Draisaitl.
4:41 of 2nd period - Stopped by Carey Price without a rebound.
4:42 of 2nd period - Leon Draisaitl wins face-off versus Pavel Zacha in Flames zone.
5:11 of 2nd period - Snap shot by Kevin Fiala.
5:11 of 2nd period - Shot Misses the Net.
6:36 of 2nd period - Penalty to Nate Thompson is over, Nate Thompson is back on ice.
6:55 of 2nd period - Rasmus Ristolainen is hit by Victor Hedman and loses puck.
7:52 of 2nd period - Sam Reinhart is hit by Nikita Zadorov.
8:36 of 2nd period - Anders Lee is hit by Scott Laughton and loses puck.
8:47 of 2nd period - Noah Hanifin is hit by Alex Chiasson and loses puck.
9:08 of 2nd period - Filip Forsberg is hit by Drew Doughty and loses puck.
9:37 of 2nd period - Wrist shot by Calle Jarnkrok.
9:37 of 2nd period - Stopped by Carey Price with a rebound.
9:39 of 2nd period - Snap shot by Jakub Vrana.
9:39 of 2nd period - Shot Misses the Net.
11:02 of 2nd period - Pavel Zacha is hit by Nikita Zadorov and loses puck.
11:26 of 2nd period - John Marino is hit by Tyson Jost and loses puck.
12:09 of 2nd period - Nate Thompson is hit by Jakub Vrana and loses puck.
13:52 of 2nd period - David Krejci is hit by Filip Forsberg and loses puck.
14:13 of 2nd period - Victor Hedman is hit by Calle Jarnkrok and loses puck.
14:20 of 2nd period - Snap shot by Calle Jarnkrok.
14:20 of 2nd period - Stopped by Carey Price with a rebound.
14:37 of 2nd period - Backhand shot by Gabriel Vilardi.
14:37 of 2nd period - Shot Misses the Net.
14:39 of 2nd period - Slapshot by Noah Hanifin.
14:39 of 2nd period - Shot Hit the Post.
14:55 of 2nd period - Nick Bjugstad is hit by Travis Konecny and loses puck.
15:23 of 2nd period - Pavel Zacha is hit by Rasmus Ristolainen and loses puck.
15:44 of 2nd period - Deryk Engelland is hit by Travis Konecny and loses puck.
16:11 of 2nd period - Ryan Donato is hit by Noah Hanifin and loses puck.
16:52 of 2nd period - Deryk Engelland is hit by Noah Hanifin and loses puck.
16:57 of 2nd period - Snap shot by Patrick Kane.
16:57 of 2nd period - Stopped by Carey Price without a rebound.
16:58 of 2nd period - J.T. Miller wins face-off versus Pavel Zacha in Flames zone.
17:05 of 2nd period - Slapshot by J.T. Miller.
17:05 of 2nd period - Shot Blocked by Pavel Zacha.
17:07 of 2nd period - Slapshot by Aaron Ekblad.
17:07 of 2nd period - Shot Blocked by Victor Hedman.
17:09 of 2nd period - Wrist shot by Kevin Fiala.
17:09 of 2nd period - Stopped by Carey Price without a rebound.
17:10 of 2nd period - Leon Draisaitl wins face-off versus Sam Reinhart in Flames zone.
17:27 of 2nd period - Snap shot by David Krejci.
17:27 of 2nd period - Deflect By Anders Lee.
17:27 of 2nd period - Shot Misses the Net.
17:27 of 2nd period - Puck is out of play.
17:28 of 2nd period - Pavel Zacha wins face-off versus J.T. Miller in Flyers zone.
17:29 of 2nd period - Slapshot by Drew Doughty.
17:29 of 2nd period - Shot Blocked by Kevin Fiala.
18:15 of 2nd period - Drew Doughty is hit by Aaron Ekblad and loses puck.
18:42 of 2nd period - Wrist shot by Nick Bjugstad.
18:42 of 2nd period - Stopped by Tristan Jarry without a rebound.
18:43 of 2nd period - J.T. Miller wins face-off versus David Krejci in Flyers zone.
18:52 of 2nd period - Wrist shot by J.T. Miller.
18:52 of 2nd period - Shot Misses the Net.
19:41 of 2nd period - Wrist shot by Alex Chiasson.
19:41 of 2nd period - Stopped by Tristan Jarry with a rebound.
Goals for this period are 0 for Flyers vs 0 for Flames.
Shots for this period are 8 for Flyers vs 10 for Flames.

3rd period


0:01 of 3rd period - David Krejci wins face-off versus Leon Draisaitl in neutral zone.
0:04 of 3rd period - Rasmus Ristolainen is hit by Drew Doughty and loses puck.
0:33 of 3rd period - Kevin Fiala is hit by Drew Doughty and loses puck.
1:18 of 3rd period - Snap shot by Tyson Jost.
1:18 of 3rd period - Shot Misses the Net.
1:20 of 3rd period - Wrist shot by Sam Reinhart.
1:20 of 3rd period - Stopped by Tristan Jarry without a rebound.
1:21 of 3rd period - Leon Draisaitl wins face-off versus Pavel Zacha in Flyers zone.
1:48 of 3rd period - Filip Forsberg is hit by Anders Lee and loses puck.
3:30 of 3rd period - Slapshot by Jakub Vrana.
3:30 of 3rd period - Shot Misses the Net.
3:32 of 3rd period - Slapshot by Jakub Vrana.
3:32 of 3rd period - Stopped by Carey Price without a rebound.
3:33 of 3rd period - Nate Thompson wins face-off versus Scott Laughton in Flames zone.
4:08 of 3rd period - Wrist shot by Patrick Kane.
4:08 of 3rd period - Goal by Patrick Kane - Flyers : 4 - Flames : 0.
4:09 of 3rd period - Leon Draisaitl wins face-off versus David Krejci in neutral zone.
4:51 of 3rd period - Icing by Noah Hanifin.
4:52 of 3rd period - Scott Laughton wins face-off versus Pavel Zacha in Flyers zone.
5:19 of 3rd period - Victor Hedman is hit by Leon Draisaitl and loses puck.
6:06 of 3rd period - Wrist shot by Gabriel Vilardi.
6:06 of 3rd period - Stopped by Carey Price with a rebound.
6:24 of 3rd period - Travis Konecny is hit by Danton Heinen and loses puck.
6:45 of 3rd period - Snap shot by Kevin Fiala.
6:45 of 3rd period - Shot Misses the Net.
7:53 of 3rd period - Wrist shot by Leon Draisaitl.
7:53 of 3rd period - Stopped by Carey Price with a rebound.
8:09 of 3rd period - Snap shot by Jakub Vrana.
8:09 of 3rd period - Stopped by Carey Price without a rebound.
8:10 of 3rd period - Scott Laughton wins face-off versus Nate Thompson in Flames zone.
8:35 of 3rd period - Nick Jensen is hit by Noah Hanifin and loses puck.
8:54 of 3rd period - David Krejci is hit by J.T. Miller and loses puck.
9:01 of 3rd period - Victor Hedman is hit by J.T. Miller and loses puck.
9:22 of 3rd period - Nate Thompson is hit by Kevin Fiala and loses puck.
10:07 of 3rd period - Mike Matheson is hit by Alex Chiasson and loses puck.
10:26 of 3rd period - Snap shot by Anders Lee.
10:26 of 3rd period - Shot Misses the Net.
11:51 of 3rd period - Snap shot by Gabriel Vilardi.
11:51 of 3rd period - Stopped by Carey Price without a rebound.
11:52 of 3rd period - Joey Anderson wins face-off versus David Kampf in Flames zone.
12:03 of 3rd period - Wrist shot by Gabriel Vilardi.
12:03 of 3rd period - Shot Misses the Net.
12:20 of 3rd period - Minor Penalty to Noah Hanifin for Slashing.
12:21 of 3rd period - David Krejci wins face-off versus Scott Laughton in Flyers zone.
12:21 of 3rd period - Snap shot by Sam Reinhart.
12:21 of 3rd period - Stopped by Tristan Jarry with a rebound.
12:23 of 3rd period - Slapshot by Drew Doughty.
12:23 of 3rd period - Stopped by Tristan Jarry with a rebound.
12:25 of 3rd period - Wrist shot by Sam Reinhart.
12:25 of 3rd period - Goal by Sam Reinhart - Flyers : 4 - Flames : 1.
12:26 of 3rd period - David Krejci wins face-off versus Leon Draisaitl in neutral zone.
12:37 of 3rd period - Snap shot by Anders Lee.
12:37 of 3rd period - Deflect By Sam Reinhart.
12:37 of 3rd period - Stopped by Tristan Jarry with a rebound.
12:39 of 3rd period - Slapshot by Nick Jensen.
12:39 of 3rd period - Shot Blocked by Patrick Kane.
12:41 of 3rd period - Wrist shot by David Krejci.
12:41 of 3rd period - Stopped by Tristan Jarry with a rebound.
12:43 of 3rd period - Wrist shot by Sam Reinhart.
12:43 of 3rd period - Deflect By David Krejci.
12:43 of 3rd period - Shot Blocked by Noah Hanifin.
12:43 of 3rd period - Puck is out of play.
12:44 of 3rd period - Pavel Zacha wins face-off versus J.T. Miller in Flyers zone.
13:24 of 3rd period - Icing by Kevan Miller.
13:25 of 3rd period - David Krejci wins face-off versus Filip Forsberg in Flames zone.
13:32 of 3rd period - Slapshot by David Krejci.
13:32 of 3rd period - Stopped by Tristan Jarry with a rebound.
14:01 of 3rd period - Snap shot by Alex Chiasson.
14:01 of 3rd period - Stopped by Tristan Jarry without a rebound.
14:02 of 3rd period - David Kampf wins face-off versus J.T. Miller in Flyers zone.
14:07 of 3rd period - Snap shot by Danton Heinen.
14:07 of 3rd period - Stopped by Tristan Jarry with a rebound.
14:09 of 3rd period - Slapshot by David Kampf.
14:09 of 3rd period - Shot Blocked by J.T. Miller.
14:11 of 3rd period - Snap shot by David Kampf.
14:11 of 3rd period - Stopped by Tristan Jarry without a rebound.
14:12 of 3rd period - Nick Bjugstad wins face-off versus J.T. Miller in Flyers zone.
15:16 of 3rd period - Slapshot by J.T. Miller.
15:16 of 3rd period - Stopped by Carey Price with a rebound.
16:01 of 3rd period - Slapshot by Nick Bjugstad.
16:01 of 3rd period - Shot Blocked by J.T. Miller.
16:09 of 3rd period - Snap shot by Danton Heinen.
16:09 of 3rd period - Shot Blocked by J.T. Miller.
16:11 of 3rd period - Wrist shot by Danton Heinen.
16:11 of 3rd period - Shot Misses the Net.
16:13 of 3rd period - Snap shot by Nick Bjugstad.
16:13 of 3rd period - Shot Misses the Net.
16:15 of 3rd period - Wrist shot by Nick Jensen.
16:15 of 3rd period - Shot Misses the Net.
16:17 of 3rd period - Wrist shot by Danton Heinen.
16:17 of 3rd period - Shot Blocked by Noah Hanifin.
16:19 of 3rd period - Slapshot by Nick Jensen.
16:19 of 3rd period - Shot Blocked by J.T. Miller.
16:21 of 3rd period - Wrist shot by Danton Heinen.
16:21 of 3rd period - Shot Misses the Net.
16:23 of 3rd period - Slapshot by Nick Jensen.
16:23 of 3rd period - Deflect By Nick Bjugstad.
16:23 of 3rd period - Shot Misses the Net.
16:23 of 3rd period - Puck is out of play.
16:24 of 3rd period - Leon Draisaitl wins face-off versus David Krejci in Flyers zone.
17:00 of 3rd period - Slapshot by Victor Hedman.
17:00 of 3rd period - Stopped by Tristan Jarry without a rebound.
17:01 of 3rd period - Leon Draisaitl wins face-off versus Pavel Zacha in Flyers zone.
17:03 of 3rd period - Icing by Patrick Kane.
17:04 of 3rd period - Pavel Zacha wins face-off versus Leon Draisaitl in Flyers zone.
17:18 of 3rd period - Minor Penalty to Nikita Zadorov for Hooking.
17:19 of 3rd period - David Krejci wins face-off versus Scott Laughton in Flyers zone.
17:22 of 3rd period - Slapshot by Sam Reinhart.
17:22 of 3rd period - Shot Misses the Net.
17:24 of 3rd period - Wrist shot by Anders Lee.
17:24 of 3rd period - Stopped by Tristan Jarry with a rebound.
17:26 of 3rd period - Backhand shot by Drew Doughty.
17:26 of 3rd period - Stopped by Tristan Jarry without a rebound.
17:27 of 3rd period - David Krejci wins face-off versus Leo Komarov in Flyers zone.
17:28 of 3rd period - Wrist shot by Sam Reinhart.
17:28 of 3rd period - Goal by Sam Reinhart - Flyers : 4 - Flames : 2.
17:29 of 3rd period - David Krejci wins face-off versus Scott Laughton in neutral zone.
17:56 of 3rd period - Aaron Ekblad is hit by Drew Doughty and loses puck.
18:25 of 3rd period - Snap shot by Drew Doughty.
18:25 of 3rd period - Shot Blocked by Nikita Zadorov.
18:43 of 3rd period - Wrist shot by David Krejci.
18:43 of 3rd period - Stopped by Tristan Jarry without a rebound.
18:44 of 3rd period - Leon Draisaitl wins face-off versus David Krejci in Flyers zone.
19:56 of 3rd period - Wrist shot by Anders Lee.
19:56 of 3rd period - Stopped by Tristan Jarry without a rebound.
19:57 of 3rd period - Calle Jarnkrok wins face-off versus Ryan Donato in Flyers zone.
Goals for this period are 1 for Flyers vs 2 for Flames.
Shots for this period are 7 for Flyers vs 16 for Flames.